 Dungeon Crawl Stone Soup version 0.20.1-1-g8b1a95d (webtiles) character file.

79 LarsimusPrime the Skirmisher (level 4, 0/45 HPs)
             Began as a Troll Fighter on Aug 12, 2017.
             Slain by an orc
             ... wielding a +0 flail
              (4 damage)
             ... on level 3 of the Dungeon.
             The game lasted 00:07:17 (1154 turns).

LarsimusPrime the Skirmisher (Troll Fighter)        Turns: 1154, Time: 00:07:18

Health: 0/45       AC:  5    Str: 25    XL:     4   Next: 16%
Magic:  3/3        EV:  8    Int:  4    God:
Gold:   77         SH:  9    Dex:  9    Spells: 3/3 levels left

rFire    . . .     SeeInvis .     - Unarmed
rCold    . . .     Gourm    +   b - +0 shield
rNeg     . . .     Faith    .   a - +0 robe
rPois    .         Spirit   .   (helmet restricted)
rElec    .         Reflect  .   (no cloak)
rCorr    .         Harm     .   (gloves unavailable)
MR       .....                  (boots unavailable)
Stlth    +.........             (no amulet)
Regen    0.6/turn               (no ring)
MPRegen  0.1/turn               (no ring)

@: no status effects
A: unfitting armour, claws 3, fast metabolism 3, gourmand, regeneration 1,
shaggy fur 1, tough skin 2
a: no special abilities


You were on level 3 of the Dungeon.
You were not hungry.

You visited 1 branch of the dungeon, and saw 3 of its levels.

You collected 77 gold pieces.

Inventory:

Hand Weapons
 h - a cursed -3 spear
 i - a +0 short sword
Missiles
 f - 27 bolts (quivered)
Armour
 a - a +0 robe (worn)
 b - a +0 shield (worn)
Jewellery
 g - an uncursed amulet of guardian spirit {unknown}
Scrolls
 j - a scroll of enchant armour {unknown}
 k - a scroll of teleportation {unknown}
 m - a scroll of identify {unknown}
 n - a scroll of remove curse {unknown}
Potions
 c - a potion of might
 e - a potion of flight {unknown}
Books
 l - a book of Cantrips

   Spells                             Type                      Level
   a - Confusing Touch                Hexes                        1
   b - Animate Skeleton               Necromancy                   1
   c - Summon Small Mammal            Summoning                    1
   d - Apportation                    Translocation                1
Comestibles
 d - a bread ration


   Skills:
 * Level 3.0 Fighting
 + Level 2.8 Dodging
 + Level 3.0 Shields
 * Level 2.6 Unarmed Combat


You had 3 spell levels left.
You didn't know any spells.

Dungeon Overview and Level Annotations

Branches:
Dungeon (3/15)

Altars:
Fedhas
Vehumet


Innate Abilities, Weirdness & Mutations

You are too large for most types of armour.
You have claws for hands.
Your metabolism is lightning-fast.
You like to eat raw meat.
Your natural rate of healing is unusually fast.
You are covered in fur. (AC +1)
You have very tough skin. (AC +2)


Message History

The crimson imp blinks!
The orc barely misses you. You block the orc's attack.
You block the orc's attack. You block the orc's attack.
You block the crimson imp's attack. The orc hits you with a flail!
* * * LOW HITPOINT WARNING * * *
The crimson imp misses you. The orc hits you but does no damage.
You block the crimson imp's attack. The orc hits you with a flail.
* * * LOW HITPOINT WARNING * * *
The crimson imp blinks!
The orc hits you but does no damage. The orc hits you with a flail.
* * * LOW HITPOINT WARNING * * *
The orc barely misses you. The orc hits you with a flail.
* * * LOW HITPOINT WARNING * * *
The crimson imp blinks!
The orc hits you with a flail.
You die...

§#§.#≈≈§≈§§≈#.#
≈≈..≈≈§≈§§≈§#(#
≈§..§≈≈≈≈§≈§ .#
≈≈..§≈≈§≈≈≈# .#
≈≈..≈≈§§≈≈###.#
≈≈.§≈§§≈≈###..#
§§[§≈≈≈≈####.#####
≈≈..§≈≈###.....o.#
##''######.....§@#
........##.......#
...####.###5.#####
...# #....##.##
...# #....##..#
)..###....###>#
..........#...#
...##.###.....#
...##.# #.#####


You could see a crimson imp and an orc.

Vanquished Creatures
  An adder (D:2)
  3 gnolls (D:3)
  An ooze (D:3)
  A worm (D:2)
  A dart slug (D:1)
  A leopard gecko (D:3)
  An orc (D:3)
  3 goblins
  6 hobgoblins
  4 jackals (D:3)
  A kobold (D:1)
  3 ball pythons
  2 bats
28 creatures vanquished.

Notes
Turn   | Place    | Note
-------+----------+-------------------------------------------
     0 | D:1      | LarsimusPrime the Troll Fighter began the quest for the Orb.
     0 | D:1      | Reached XP level 1. HP: 22/22 MP: 0/0
   466 | D:2      | Reached XP level 2. HP: 29/29 MP: 1/1
   605 | D:2      | Paralysed by fainting for 12 turns
   721 | D:3      | Reached XP level 3. HP: 17/36 MP: 2/2
   792 | D:3      | Found a radiant altar of Vehumet.
   792 | D:3      | Found a blossoming altar of Fedhas.
   879 | D:3      | Reached XP level 4. HP: 34/44 MP: 3/3
  1150 | D:3      | HP: 2/45 [orc/flail (3)]
  1154 | D:3      | Slain by an orc

Skill      XL: |  1  2  3  4 |
---------------+-------------+-----
Shields        | 3 |  3.0
Fighting       | 3 |  3.0
Dodging        | |  2.8
Unarmed Combat | |  2.6

Action                   |  1- 3 |  4- 6 || total
-------------------------+-------+-------++-------
Melee: Unarmed           |    75 |    28 ||   103
  Eat: Bread ration      |     1 |       ||     1
       Chunk             |       |     4 ||     4
Armor: Robe              |    63 |    40 ||   103
Dodge: Dodged            |    73 |    47 ||   120
Block: Shield            |   106 |    71 ||   177
